 Dungeon Crawl Stone Soup version 0.27.1-37-g7b29ead8ac (console) character file.

Game seed: 6307047037750178941

46318 grimtooth the Eclecticist (level 14, -1/68 HPs)
             Began as a Deep Elf Hedge Wizard on July 21, 2023.
             Was an Elder of Sif Muna.
             Slain by a cane toad (19 damage)
             ... on level 5 of the Lair of Beasts on July 22, 2023.
             The game lasted 04:19:35 (33851 turns).

grimtooth the Eclecticist (Deep Elf Hedge Wizard)  Turns: 33851, Time: 04:19:35

Health: -1/68      AC:  3    Str:  7    XL:     14   Next: 4%
Magic:  22/35      EV: 16    Int: 25    God:    Sif Muna [****..]
Gold:   991        SH:  0    Dex: 14    Spells: 21/43 levels left

rFire    x . .     SeeInvis +   a - +7 Spriggan's Knife {stab, EV+4 Stlth+}
rCold    + . .     Faith    .   (no shield)
rNeg     . . .     Spirit   .   L - +0 robe
rPois    .         Reflect  .   c - +0 hat
rElec    .         Harm     .   l - +0 cloak
rCorr    .         Rampage  .   (no gloves)
Will     +....                  (no boots)
Stlth    ++++++....             B - amulet of regeneration
HPRegen  1.21/turn              J - ring of see invisible
MPRegen  0.24/turn              N - ring of ice

@: no status effects
A: no striking features
a: Renounce Religion, Channel Magic, Forget Spell, Divine Exegesis


You were on level 5 of the Lair of Beasts.
You worshipped Sif Muna.
Sif Muna was greatly pleased with you.
You visited 4 branches of the dungeon, and saw 23 of its levels.
You also visited: Bailey.

You collected 1961 gold pieces.
You spent 970 gold pieces at shops.

Inventory:

Hand Weapons
 a - the +7 Spriggan's Knife (weapon) {stab, EV+4 Stlth+}
   (You bought it in a shop on level 3 of the Dungeon)

   It is more effective when stabbing unaware enemies, treating them as though
   they were completely helpless.
   EV:        It affects your evasion (+4).
   Stlth:     It makes you more stealthy.
 b - a +3 dagger of venom
Missiles
 d - 185 stones
 s - 47 poisoned darts (quivered)
 x - 9 curare-tipped darts
 y - 84 arrows
Armour
 c - a +0 hat (worn)
 k - a +4 ring mail of fire resistance
 l - a +0 cloak (worn)
 t - a +0 buckler
 L - a +0 robe (worn)
Magical Staves
 q - a staff of poison
Jewellery
 B - an amulet of regeneration (around neck)
 J - a ring of see invisible (left hand)
 N - a ring of ice (right hand)
 Q - a ring of ice
 R - a ring of fire
Wands
 j - a wand of acid (3)
 D - a wand of iceblast (27)
 F - a wand of charming (4)
 G - a wand of paralysis (11)
 M - a wand of polymorph (5)
Scrolls
 f - 4 scrolls of immolation {unknown}
 n - 2 scrolls of magic mapping
 u - 3 scrolls of teleportation
 v - a scroll of fear {unknown}
 A - 3 scrolls of silence {unknown}
 C - 4 scrolls of amnesia {unknown}
 H - a scroll of torment {unknown}
 I - 3 scrolls of vulnerability
Potions
 g - 3 potions of might
 h - 3 potions of cancellation
 i - 3 potions of magic {unknown}
 m - 2 potions of flight
 o - a potion of brilliance
 r - 5 potions of resistance
 E - a potion of ambrosia
 K - 2 potions of lignification
Miscellaneous
 e - a lightning rod (4/4)
 p - a tin of tremorstones (2/2)
 O - a box of beasts (inert)


   Skills:
 + Level 0.2 Fighting
 - Level 9.0 Short Blades
 - Level 2.4 Dodging
 - Level 12.0 Stealth
 - Level 15.0 Spellcasting
 - Level 6.0 Conjurations
 - Level 6.0 Summonings
 - Level 3.0 Translocations
 - Level 9.0 Ice Magic
 - Level 3.0 Air Magic
 - Level 3.0 Poison Magic
 - Level 12.6 Invocations
 - Level 6.2 Evocations


You had 21 spell levels left.
You knew the following spells:

 Your Spells              Type           Power      Damage    Failure   Level
a - Magic Dart            Conj           100%       1d8       1%          1
b - Ice Form              Ice/Tmut       58%        N/A       4%          4
c - Mephitic Cloud        Conj/Pois/Air  38%        N/A       1%          3
e - Frozen Ramparts       Ice            100%       1d12      1%          3
k - Blink                 Tloc           N/A        N/A       1%          2
B - Summon Ice Beast      Ice/Summ       71%        N/A       1%          4
O - Ozocubu's Armour      Ice            77%        N/A       1%          3
P - Call Imp              Summ           48%        N/A       1%          2

Your spell library contained the following spells:

 Spells                   Type           Power      Damage    Failure   Level
 Apportation              Tloc           66%        N/A       1%          1
 Freeze                   Ice            100%       1d11      1%          1
 Summon Small Mammal      Summ           100%       N/A       1%          1
 Call Canine Familiar     Summ           48%        N/A       1%          3
 Hailstorm                Conj/Ice       71%        3d15      1%          4
 Conjure Flame            Conj/Fire      33%        6-21      2%          3
 Gell's Gravitas          Tloc           16%        N/A       2%          3
 Lesser Beckoning         Tloc           16%        N/A       2%          3
 Stone Arrow              Conj/Erth      66%        3d11      2%          3
 Summon Guardian Golem    Hex/Summ       33%        N/A       2%          3
 Teleport Other           Tloc           33%        N/A       2%          3
 Animate Skeleton         Necr           36%        N/A       3%          1
 Corona                   Hex            20%        N/A       3%          1
 Pain                     Necr           72%        1d7       3%          1
 Slow                     Hex            18%        N/A       4%          2
 Inner Flame              Hex/Fire       18%        N/A       9%          3
 Animate Armour           Summ/Erth      66%        N/A       9%          4
 Metabolic Englaciation   Hex/Ice        29%        N/A       13%         5
 Fireball                 Conj/Fire      16%        3d8       24%         5
 Summon Mana Viper        Hex/Summ       33%        N/A       24%         5
 Cause Fear               Hex            9%         N/A       28%         4
 Dispel Undead            Necr           18%        3d11      28%         4
 Shadow Creatures         Summ           N/A        N/A       36%         6
 Conjure Ball Lightning   Conj/Air       20%        3x3d6     56%         6
 Simulacrum               Ice/Necr       29%        N/A       56%         6
 Agony                    Necr           18%        N/A       63%         5
 Blade Hands              Tmut           9%         N/A       63%         5
 Excruciating Wounds      Necr           9%         N/A       63%         5
 Iron Shot                Conj/Erth      16%        9d4       78%         6
 Monstrous Menagerie      Summ           24%        N/A       91%         7
 Spellforged Servitor     Conj/Summ      24%        N/A       91%         7
 Malign Gateway           Summ/Tloc      20%        N/A       98%         7
 Dragon Form              Tmut           9%         N/A       100%        7
 Haunt                    Necr/Summ      16%        N/A       100%        7
 Discord                  Hex            9%         N/A       100%        8
 Disjunction              Tloc           16%        N/A       100%        8
 Lehudib's Crystal Spear  Conj/Erth      16%        10d5      100%        8
 Summon Horrible Things   Summ           24%        N/A       100%        8
 Death's Door             Necr           9%         N/A       100%        9
 Dragon's Call            Summ           24%        N/A       100%        9
 Fire Storm               Conj/Fire      16%        8d4       100%        9


Dungeon Overview and Level Annotations

Branches:
Dungeon (14/15)            Temple (1/1) D:4            Lair (6/6) D:11
  Swamp (0/4) Lair:2        Snake (0/4) Lair:4          Orc (2/2) D:10
 Vaults (0/5) D:13         Bailey (visited)
  Slime: Lair:5-6       Elf: Orc:2

Altars:
Cheibriados
Dithmenos
Elyvilon
Fedhas
Gozag
Hepliaklqana
Kikubaaqudgha
Nemelex Xobeh
Okawaru
Qazlal
Ru
Sif Muna
Uskayaw
Vehumet
Wu Jian
Beogh

Shops:
D:3 (   D:10 *   Orc:1 ?

Annotations:
D:7 3 runed translucent doors, Lobster4's ghost, novice DECj
D:10 3 runed translucent doors, exclusion: obsidian statue, Violens's ghost, novice MiFi
D:14 Roxanne
Lair:1 2 transporters
Lair:3 Snorg
Lair:5 2 transporters, exclusions: downstairs and 2 oklob plants, Worhasm's ghost, journeyman CeAM
Orc:2 Nessos


Message History

Casting: Summon Ice Beast (dangerous; 1% risk of failure)
Confirm with . or Enter, or press ? or * to list all spells.
You feel a surge of power! A film of ice covers your body!
The dream sheep bites you! The cane toad closely misses you.
Your ice beast hits the dream sheep.
Your ice beast freezes the dream sheep!
The dream sheep dies!
Sif Muna accepts your kill.
You hit the cane toad.
The cane toad is lightly wounded.
You barely miss the cane toad.
The cane toad is lightly wounded.
The cane toad stings you.
You hit the cane toad.
The cane toad is lightly wounded.
The cane toad misses you.
You closely miss the cane toad.
The cane toad is lightly wounded.
Your ice beast hits the cane toad but does no damage. x2
The cane toad stings you but does no damage.
Your ice beast hits the cane toad but does no damage.
The cane toad stings you!
Your ice beast hits the cane toad but does no damage.
You hit the cane toad.
The cane toad is lightly wounded.
You hit the cane toad.
The cane toad is moderately wounded.
The cane toad closely misses you.
Your ice beast hits the cane toad but does no damage. x2
You barely miss the cane toad.
The cane toad is moderately wounded.
The cane toad stings you!
* * * LOW HITPOINT WARNING * * *
Casting: Ozocubu's Armour (safe; 1% risk of failure)
Confirm with . or Enter, or press ? or * to list all spells.
Your icy armour will break if you move.
Continue?
You blink.
Your icy armour cracks and falls away as you move.
Your ice beast hits the cane toad but does no damage. x2
The cane toad stings you!!
You die...

###### #.##.# ##### ###
##.....
#.#.####.#####......
####........#.P##......
#..............##......
##..>..........##.......
##...............#.P.....
#.......@..........#.....
#......FY..........##....
##......Y§................
#...)...............P#....
####.#..............##.#..
####.............####..
##.P..........##..##
####..........#.##
#.##......#.###
####.....P#.# #
###.....### #


You could see a cane toad (ally target) and 2 friendly ice beasts.

Vanquished Creatures
  8 vault guards (D:13)
  5 hydras
  A centaur warrior (D:14)
  A two-headed ogre (D:6)
  2 tengu warriors (D:14)
  Nergalle (Lair:1)
  2 skeletal warriors (D:14)
  A bog body (Lair:2)
  An orc sorcerer (Orc:1)
  A deep elf pyromancer (D:12)
  An ugly thing (D:11)
  3 cyclopes
  A manticore (D:13)
  Maurice (Orc:1)
  6 elephants
  2 black mambas
  A torpor snail (Lair:4)
  5 cane toads
  2 komodo dragons
  3 polar bears
  2 trolls
  5 slime creatures (D:12)
  4 blink frogs
  4 shadows
  2 wraiths
  12 yaks
  4 basilisks
  2 wyverns
  A steam dragon (D:6)
  2 vampire mosquitoes (D:12)
  2 swamp worms (Lair:2)
  8 water moccasins
  7 orc warriors
  4 ogres
  4 centaurs
  A necrophage (D:5)
  4 wolves (Lair:1)
  3 phantoms
  A kobold brigand (D:7)
  2 gnoll sergeants
  7 bullfrogs
  2 scorpions (D:4)
  7 killer bees
  2 troll zombies (D:10)
  2 howler monkeys
  7 electric eels
  A bullfrog skeleton (D:6)
  3 orc priests
  3 hounds
  9 orc wizards
  An ogre zombie (D:10)
  A hound skeleton (D:4)
  A gnoll (D:6)
  10 adders
  A shadow imp (D:6)
  An ufetubus (D:5)
  An adder skeleton (D:4)
  2 worms (D:3)
  4 dart slugs
  30 orcs
  6 ball pythons
  4 bats
  7 endoplasms
  3 giant cockroaches
  12 hobgoblins
  8 jackals
  26 kobolds
  5 quokkas
  5 frilled lizards
  8 goblins
  A goblin skeleton (D:10)
  3 goblin zombies (D:10)
  A hobgoblin zombie (D:10)
  2 orc skeletons (D:10)
  5 orc zombies (D:10)
  10 rats
323 creatures vanquished.

Vanquished Creatures (collateral kills)
  Josephine (D:11)
  7 hydras
  A centaur warrior (D:14)
  A two-headed ogre (D:8)
  A death yak (Lair:5)
  Urug (D:13)
  A skeletal warrior (D:14)
  A bog body (Lair:2)
  An orc knight (Orc:1)
  A deep elf pyromancer (D:13)
  A cyclops (D:11)
  2 manticores (D:14)
  3 elephants (Lair:3)
  A black mamba (Lair:4)
  Joseph (D:7)
  A torpor snail (Lair:3)
  8 cane toads
  Maggie (D:8)
  3 rime drakes
  4 komodo dragons
  2 trolls
  A polar bear (Lair:2)
  12 blink frogs
  A hornet (D:8)
  6 dream sheep
  4 slime creatures (D:12)
  A water elemental (D:14)
  5 wraiths
  A wyvern (D:9)
  9 yaks
  2 basilisks (D:11)
  Grum (D:10)
  A warg (Orc:1)
  A swamp worm (Lair:2)
  4 vampire mosquitoes
  2 acid dragons
  6 water moccasins
  A sky beast (D:6)
  14 orc warriors
  A black bear (D:6)
  A tengu (shapeshifter) (D:14)
  4 ogres
  9 wolves
  4 centaurs
  4 bullfrogs
  A wyvern zombie (D:7)
  2 troll zombies (D:10)
  5 killer bees
  4 wights (D:8)
  An electric eel (Lair:2)
  4 centaur zombies
  3 orc priests
  4 iguanas
  3 orc wizards
  3 ogre zombies (D:10)
  2 howler monkey zombies (D:7)
  8 gnolls
  42 orcs
  6 goblins
  A ball python (D:4)
  2 goblin zombies (D:10)
  2 hobgoblin skeletons (D:10)
  8 orc zombies (D:10)
239 creatures vanquished.

Vanquished Creatures (others)
  39 fungi
  76 plants
  4 withered plants (D:9)
119 creatures vanquished.

Grand Total: 681 creatures vanquished

Notes
Turn   | Place    | Note
-------+----------+-------------------------------------------
     0 | D:1      | grimtooth the Deep Elf Hedge Wizard began the quest for the
                  | Orb.
     0 | D:1      | Reached XP level 1. HP: 10/10 MP: 7/7
   286 | D:1      | Reached XP level 2. HP: 15/15 MP: 6/9
  1004 | D:1      | Reached XP level 3. HP: 19/19 MP: 6/11
  1168 | D:1      | Reached skill level 5 in Spellcasting
  1300 | D:2      | Noticed an ogre
  1301 | D:2      | - well this is just perfect
  1909 | D:2      | Learned a level 2 spell: Call Imp
  2093 | D:2      | Reached XP level 4. HP: 23/24 MP: 5/13
  2528 | D:3      | Found a faded altar of an unknown god.
  2622 | D:3      | Found a sparkling altar of Nemelex Xobeh.
  3408 | D:3      | Reached XP level 5. HP: 28/28 MP: 13/15
  3483 | D:3      | Found Luste's Weapon Emporium.
  3625 | D:4      | Found a staircase to the Ecumenical Temple.
  3636 | Temple   | Entered the Ecumenical Temple
  3669 | Temple   | Became a worshipper of Sif Muna the Loreminder
  3803 | D:4      | - really
  3818 | D:4      | Reached skill level 6 in Spellcasting
  3818 | D:4      | Reached skill level 5 in Conjurations
  4627 | D:4      | Reached XP level 6. HP: 32/32 MP: 13/17
  5193 | D:4      | Learned a level 2 spell: Blink
  5197 | D:4      | Learned a level 3 spell: Mephitic Cloud
  5396 | D:4      | Reached skill level 7 in Spellcasting
  5446 | D:4      | Reached * piety under Sif Muna
  5719 | D:5      | Entered Level 5 of the Dungeon
  5926 | D:5      | Reached XP level 7. HP: 15/36 MP: 9/19
  6430 | D:5      | Reached skill level 1 in Air Magic
  6430 | D:5      | Reached skill level 1 in Poison Magic
  6928 | D:6      | Noticed a two-headed ogre
  6985 | D:6      | Learned a level 3 spell: Ozocubu's Armour
  7029 | D:6      | - a distinctly non-helpful teleport
  7056 | D:6      | Found a white marble altar of Elyvilon.
  7057 | D:6      | Found a sacrificial altar of Ru.
  7241 | D:5      | - how is this $%(*& still alive
  7241 | D:5      | - any move there's still a shot on me
  7967 | D:6      | Killed a two-headed ogre
  7968 | D:6      | Reached skill level 9 in Spellcasting
  7968 | D:6      | Reached XP level 8. HP: 41/41 MP: 7/23
  8098 | D:6      | - aaaa
  8099 | D:6      | Reached skill level 5 in Stealth
  8099 | D:6      | Reached skill level 1 in Ice Magic
  9492 | D:7      | Found a runed translucent gate.
  9492 | D:7      | Found a runed translucent gate.
  9494 | D:7      | Found a runed translucent gate.
  9496 | D:7      | Noticed Lobster4's ghost (novice DECj)
  9549 | D:7      | Reached XP level 9. HP: 10/45 MP: 17/24
  9905 | D:7      | Noticed Joseph
  9907 | D:7      | - oh its you
 10062 | D:6      | Learned a level 4 spell: Summon Ice Beast
 11443 | D:8      | Noticed Maggie
 11651 | D:7      | Reached skill level 10 in Spellcasting
 11805 | D:9      | - so this seems bad
 12083 | D:8      | Noticed a two-headed ogre
 12184 | D:7      | Reached skill level 5 in Summonings
 12243 | D:7      | - right on the edge here
 12244 | D:7      | - yay
 12345 | D:8      | - again!
 12987 | D:9      | Reached skill level 5 in Ice Magic
 13100 | D:9      | Reached ** piety under Sif Muna
 13278 | D:9      | Reached skill level 11 in Spellcasting
 13312 | D:9      | Identified the +9 quarterstaff "Zatz" {drain, Fragile rElec
                  | rN++ Str-4}
 13315 | D:9      | - a stone, really?
 14147 | D:9      | Found a blossoming altar of Fedhas.
 14148 | D:9      | Found an ancient bone altar of Kikubaaqudgha.
 14351 | D:10     | Entered Level 10 of the Dungeon
 14828 | D:10     | Reached XP level 10. HP: 50/50 MP: 14/27
 14917 | D:10     | Reached *** piety under Sif Muna
 15142 | D:10     | Noticed Grum
 15167 | D:10     | Found a runed translucent gate.
 15168 | D:10     | Found a runed translucent gate.
 15168 | D:10     | Found a runed translucent gate.
 15168 | D:10     | Found an opulent altar of Gozag.
 15168 | D:10     | Noticed a frost giant
 15168 | D:10     | Noticed an obsidian statue
 15168 | D:10     | Noticed a white ugly thing
 15168 | D:10     | Noticed Violens's ghost (novice MiFi)
 15169 | D:10     | Found Fier Gyatwo's Assorted Antiques.
 15169 | D:10     | Noticed a boulder beetle
 15495 | D:10     | Killed Grum
 15693 | D:10     | Found a shadowy altar of Dithmenos.
 16077 | D:10     | Found a staircase to the Orcish Mines.
 16509 | D:10     | Reached **** piety under Sif Muna
 17243 | D:7      | Killed Joseph
 17244 | D:7      | Reached skill level 1 in Invocations
 17765 | D:11     | Noticed a cyclops
 17786 | D:11     | Noticed Josephine
 17852 | D:11     | Reached skill level 12 in Spellcasting
 17953 | D:11     | Killed Josephine
 18110 | D:11     | - how does it go from nearby to very distant
 18178 | D:11     | - oh the darned cyclops
 18184 | D:11     | - yep thatll kill me
 18192 | D:11     | Found a flagged portal.
 18207 | D:11     | Killed a cyclops
 18211 | Bailey   | Entered a bailey
 18259 | Bailey   | Learned a level 4 spell: Ice Form
 18482 | Bailey   | Reached ***** piety under Sif Muna
 18631 | Bailey   | Reached skill level 5 in Invocations
 18639 | Bailey   | Received a gift from Sif Muna
 18665 | Bailey   | HP: 1/50 [orc warrior (20)]
 18922 | D:11     | Noticed an eight-headed hydra
 19051 | D:11     | Noticed a white ugly thing
 19716 | D:3      | Bought the +7 Spriggan's Knife {stab, EV+4 Stlth+} for 826
                  | gold pieces
 19716 | D:3      | Found the +7 Spriggan's Knife {stab, EV+4 Stlth+}
 19898 | D:8      | Killed Maggie
 19916 | D:8      | Killed a two-headed ogre
 20010 | D:8      | Reached skill level 1 in Short Blades
 20269 | D:11     | Killed a brown ugly thing
 20393 | D:11     | Noticed a cyclops
 20402 | D:11     | Killed a cyclops
 20403 | D:11     | Reached XP level 11. HP: 54/54 MP: 8/29
 20552 | D:11     | Found a staircase to the Lair.
 20637 | Lair:1   | Entered Level 1 of the Lair of Beasts
 20649 | Lair:1   | Noticed Nergalle
 20673 | Lair:1   | Killed Nergalle
 20870 | Lair:1   | Found a transporter.
 21190 | Lair:1   | Reached skill level 5 in Short Blades
 21234 | Lair:1   | Got the Compendium of the Arsonist
 21526 | Lair:1   | Found a transporter.
 21959 | Lair:2   | Noticed a four-headed hydra
 22220 | Lair:2   | Killed a four-headed hydra
 22386 | Lair:2   | Noticed a six-headed hydra
 22422 | Lair:2   | Received a gift from Sif Muna
 22461 | Lair:2   | Got Sif Muna's Guide on Ghastly Calling {god gift}
 22484 | Lair:2   | Killed a six-headed hydra
 22810 | Lair:2   | Noticed a bog body
 22822 | Lair:2   | Killed a bog body
 23099 | Lair:2   | Noticed a four-headed hydra
 23113 | Lair:2   | Killed a four-headed hydra
 23310 | Lair:3   | Noticed a five-headed hydra
 23317 | Lair:3   | Killed a five-headed hydra
 23321 | Lair:3   | Reached XP level 12. HP: 59/59 MP: 30/30
 23342 | Lair:3   | Noticed a five-headed hydra
 23352 | Lair:3   | Noticed a six-headed hydra
 23417 | Lair:3   | Reached skill level 13 in Spellcasting
 23655 | Lair:3   | Noticed Snorg
 24515 | Lair:3   | Killed a six-headed hydra
 24516 | Lair:3   | Reached skill level 1 in Evocations
 24523 | Lair:3   | Killed a five-headed hydra
 25001 | Lair:4   | Noticed a six-headed hydra
 25008 | Lair:4   | Killed a six-headed hydra
 25010 | Lair:4   | Reached skill level 14 in Spellcasting
 25382 | Lair:4   | Found a staircase to the Snake Pit.
 25536 | Lair:4   | - aaaagh
 25831 | Lair:4   | Reached skill level 5 in Evocations
 25986 | Lair:4   | Noticed a four-headed hydra
 25997 | Lair:4   | Killed a four-headed hydra
 25998 | Lair:4   | Reached skill level 10 in Stealth
 26586 | Lair:5   | Noticed a five-headed hydra
 26958 | Lair:5   | Found a transporter.
 26961 | Lair:5   | Noticed an anaconda
 26962 | Lair:5   | Found a transporter.
 26962 | Lair:5   | Noticed Worhasm's ghost (journeyman CeAM)
 26962 | Lair:5   | Noticed a death yak
 27546 | Lair:5   | Noticed a seven-headed hydra
 27546 | Lair:5   | Found the +13 scythe of Curses {drain, Drain}
 27621 | Lair:5   | Killed a seven-headed hydra
 28183 | Lair:6   | Entered Level 6 of the Lair of Beasts
 28183 | Lair:6   | Noticed a death yak
 28183 | Lair:6   | Noticed a death yak
 28183 | Lair:6   | Noticed a death yak
 28183 | Lair:6   | Noticed a death yak
 28184 | Lair:6   | - uh this is nasty
 28315 | Lair:6   | Reached XP level 13. HP: 63/63 MP: 33/33
 28362 | Lair:5   | Reached skill level 15 in Spellcasting
 28570 | Lair:2   | Found a staircase to the Swamp.
 29054 | D:10     | Learned a level 3 spell: Frozen Ramparts
 29056 | Orc:1    | Entered Level 1 of the Orcish Mines
 29373 | Orc:1    | Found Ocahi's Magic Scroll Shoppe.
 29396 | Orc:1    | Bought a scroll of identify for 32 gold pieces
 29396 | Orc:1    | Bought a scroll of identify for 32 gold pieces
 29396 | Orc:1    | Bought a scroll of identify for 32 gold pieces
 29404 | Orc:1    | Bought a scroll of teleportation for 48 gold pieces
 29430 | Orc:2    | Entered Level 2 of the Orcish Mines
 29430 | Orc:2    | Noticed Nessos
 29466 | Orc:2    | Noticed Maurice
 29491 | Orc:1    | Killed Maurice
 29492 | Orc:1    | Reached skill level 10 in Invocations
 29537 | Orc:2    | - fucking crossbows
 30194 | D:12     | Found a radiant altar of Vehumet.
 31238 | D:13     | Noticed Urug
 31362 | D:13     | - ok that was not a good idea
 31366 | D:13     | Killed Urug
 31585 | D:13     | Found a gate to the Vaults.
 32127 | D:14     | - well this isnt working
 32128 | D:14     | - oh but now hes distracted
 32388 | D:14     | - well damnit how do you do this
 32420 | D:14     | - so ive got the full slate of summons available
 32420 | D:14     | - but i hate playing summons even though i'm totally
                  | depending on them right now
 32935 | D:14     | Noticed Roxanne
 33708 | Lair:6   | Reached XP level 14. HP: 46/68 MP: 24/35
 33851 | Lair:5   | Slain by a cane toad

Illustrated notes ..######## ♣......@O# .........# ♣........# .........# .........# .........# .........# ###.###### Turn 1301 on D:2: - well this is just perfect ... #.. #...# ## #. .... #.. #. ...## ##.. ## ...###... # #...#..# #.....# ###...# ...####....## #..?.s@....###### ####...##..#....## ##..##........# ##<.##.......## # #..#.........# # ##...........# ## #............# #. #............# ##. ##..........## #.. #†........#####.. ####.....##...... Turn 3803 on D:4: - really ###### .......######## .....?...#.....# .....(.........# h..............# .. .....o......g§@# ... g..........(...## .... ..h.......##....###...# .(.......###.##.....# o.o.....## #.##5O...# ...###### #<##..○..# #)#.o..○○# ..####.#).....# #..g............. ##...........#... #...#.....##.##... Turn 7029 on D:6: - a distinctly non-helpful teleport ######### ### #.......# ..# #.......## ..###........##### .........###.....# ...####....#####.## ......##.#.# ###..###### #...#..#...###.........# ###..#......##.>$5.....# ####............@c.....# #### !# #............55......######... .# #...........................## .# #.....................<......# .###...................##.......# ...........................###..# )####.<................###....... .# #...............$...###....... .# #..........#####.............. .###................#####........ ...............###### #........ Turn 7241 on D:5: - how is this $%(*& still alive .....?...#...).# .....(.........# ........o..§...# .. ...............# .... ...........(...## ..... ......o...##....###...# .# .(.......###g##.....#. ..# ........## #.##.....#. ...# ...###### #<##.....#.#####.. ##..o#### #(#[.....#.?#.... ###....####.#).@...##.#..# ####.......5D..§.§.....# # ## ###...........#.....#### 8##.##...#.....##.##........# .'..#.............##........# .'......##..................# P##....###.....#.#.#........# ####o..........#............## #...#..####.........)....†)..# #...##...##..##.....##.#####.#### #............ #........#####.#... Turn 8098 on D:6: - aaaa ...# #.# '### #.# .# #.# .# #.# .# #.# .# #.# .# #.# .# #.# .# #.# .# #.###########. .# #....@.......@ .######################## ...........# ##########.# #......<#.# #.....).))# #########.# ### Turn 9907 on D:7: - oh its you ..##.......####..... ...#........#....... ................... .................. # ...............>.# .#.. .................#... ..................# .......@.......<.##### .......5.#...........# ......Zc##........#.... ....$.............# ... ......#.F......!..... . ....###............... .... #............... ... ##.............. # ....##.......... ...#..#..##..... ?..##...### #..# Turn 11805 on D:9: - so this seems bad ####'######### #........[# #.#######.# ######## #.# #.....########.######### #.....'................. #.....########.......... #.....############.....# #####†>..................... #...........##########.....# #....†###(y@# ####### #.....# #5..# #.....# #...# ####### #...# #...# ##### Turn 12243 on D:7: - right on the edge here ####'######### #........[# #.#######.# ######## #.# #.....########.######### #.....'................. #.....########.......... #.....############.....# #####†>..................... #...........##########.....# #....†###(5@# ####### #.....# #...# #.....# #...# ####### #...# #...# ##### Turn 12244 on D:7: - yay ....##..# .<.## ... #yyyy.... .. .. ...y..... ...# #.#### .../..... #..## ##.....## ......... # #.>..##|......# ........? . ............. ......... ##. #.###.....y ........###..# #..#.....# ..............##.####..# ............(.(y@.##...# ..........(....5..###.### ......................#.### ............#....##.)...#.## ...........####..###.......# #................##....##.## ............##.......####..# ...........#####.....###...# ..........###.#........#...## ......#.#.#.................# ......###.....>...####.##.### Turn 12345 on D:8: - again! ... #.....÷..<....... ...####......[.##..... ......##.......####.... .......#.)......#...... ##............)!......... #>........................ ......................>.#. ......#.................#. ..........Y..............# ...............†......<.## ........@......#......... .##..........##........# #......5..............# ##...5....#........!... ...##.......###............ .........)...###............ .##..#........###........... .... #o).###.......##....... .......... ......#..#..##... .............?..##...### #.. .......##.....####... .. Turn 13315 on D:9: - a stone, really? #........ #.# ### #.# #.# #.# #.######## ####.## #.........######...... #.# #.........'...... #.# #.##.######...... #.# #............#### ##.####............# #.....@............# #######..$.........# ##...........#### #............... #............### ##########.#.# #...# #...# #...# #...# ##########...# Turn 18110 on D:11: - how does it go from nearby to very distant #.# ######.# #......# #.##.#.##### #..........# #.≈≈≈≈≈≈≈..# #.≈#####≈..# #.≈ #≈..# #. #≈.[# #≈..# #≈.@# ≈≈≈≈≈≈..# ..C.!....... ..##.......## #.####.##..# #.# #. #..# #.# #. ...# #.# ##+# #.# #.# #.# Turn 18178 on D:11: - oh the darned cyclops #......# #.##.#.##### #..........# #.≈≈≈≈≈≈≈..# #.≈#####≈..# #.≈ #≈..# #. #≈.[# #. #≈..# ≈##g##≈..# .# ≈≈≈g≈≈≈YY##...# ..C.!....Y@.....+ ..##.......##...# #.####.##..# ### #.# #. #..# #.# #. ...# #.# ###+# #.# #.# #.# #.# #.# Turn 18184 on D:11: - yep thatll kill me #.####..## .## #.#.####### ## # .##P#.P..#..#.##.#.# .P.................. ...#..#.......YY## ....##........†YF# ....##.####.####F### ...##.# ######FY..# .# ..>... ....#.#...#...# .#.# .....Y.FF.....# ## ..# #@##... ## P... #..#...# #P### #.. ..........###...# Y #. ................P# #... .#..##...##..###.## .... ..##.. .#... #.# .. ... ^..# ##.# ## #.# #.#. #..# ##.## # #..# # .... ##.## Turn 25536 on Lair:4: - aaaagh ... # ... Y##### .... .....# ..... #.P..# #P Y..Y.##....#.P. ..............P PPPPY.PPP...... #..@PP..... #P.....#... #.P......... #...P.P..FP.. #......P..Y#YP #.....#..P.YY.Y ..y.###......Y. ..## P......). Turn 28184 on Lair:6: - uh this is nasty ## .## .. # ####.# #.# ##..#.##..$. #..........# ##..@).#..... #####..<......#.# ................. ...............c. #...###...##..##. ..≈≈ #≈≈.o..... .≈≈ #≈≈≈....... ≈≈ ##≈≈≈≈..o.. ###≈≈≈≈... #≈≈≈≈. oooo. Turn 29537 on Orc:2: - fucking crossbows

............................#....
....p...##..................#....
.......# #..................#..##
#.....p###.?....................#
#...>..p...............)##.#....#
..##....................#.##.....
..##.................##...#....#.
#####......)..Y...............##
......W.......o...............#
..............YY).......).##..#
.............<..@####.#.)###..##
..................# ####)###...#
...............=.### ##........#
.....#.............# #......†.##
....###............###...###..##
.....#.............#...#.##.....#
..................##.............
.......................[.........
.................#.............#.
.................###.........###.
.......................#....##


Turn 31362 on D:13: - ok that was not a good idea ##################
#................# #...##...##..###.# #...##...##..# #.# #...##...##..# #.#
#...##...##..# #.# #...##...##..# #.# #...##...##..# #.# #@5.##...##..# #.#
#zY!# #..# #.# #§Y.# #..# #.# #.§.# #..###.# #..)# #......# #.((# #......# #..(#
#......# #...##...##......# ... #...##......# ...##...##......# .>.....##......#
Turn 32127 on D:14: - well this isnt working ##################
#................# #...##...##..###.# #...##...##..# #.# #..@##...##..# #.#
#...##...##..# #.# #...##...##..# #.# #...##...##..# #.# #§5.##...##..# #.#
#zY!# #..# #.# #.Y.# #..# #.# #.§.# #..###.# #..)# #......# #.((# #......# #..(#
#......# Turn 32128 on D:14: - oh but now hes distracted #############
#............ #...# #...##...##.. #.c.# #...##...##.. #...# #...##...##.. #...#
#...##...##.. #...# #...##...##.. #...# #...##...##.. #...# #...##...##.. #...#
#)..# #.. #.Y@# #...# #.. #...# #.).# #.. #...# #..)# .##.. #...# #...# .##..
#...# #...# ..##.. #...# #...##...##.. #...# #..)##...##.. #. #...#
#...##...##.. #.. #...# #..>.....##.. #...#...# #........##.. #.......#
#...##...##.. Turn 32388 on D:14: - well damnit how do you do this ############
#........... #...# #...##...##. #...# #...##...##. #...# #...##...##. #.).#
#...##...##. #...# #...##...##. #...# #...##...##. #...# #...##...##. #Y@.#
#)..# #. #YY.# #...# #. #.5.# #.).# #. #...# #..)# .##. #...# #...# .##. #...#
#...# ..##. #...# #...##...##. #...# #..)##...##. #. #...# #...##...##. #..
#...# #..>.....##. #...#...# #........##. Turn 32420 on D:14: - so ive got the
full slate of summons available

Levels and vault maps discovered:
D:1:      minmay_arrival_stone_box, layout_loops_cross
D:2:      layout_basic, serial_forest, infiniplex_forest_clump_cross,
          infiniplex_forest_lined_1, infiniplex_forest_lined_room_2,
          infiniplex_forest_end_3, infiniplex_forest_end_1, grunt_ministairs_3,
          small_statue_intersection
D:3:      layout_loops_ring, nemelex_xobeh_ov_fountains_minmay, serial_shops,
          nicolae_lakefront_shop, shapermc_ecumenical_altar_mp_vishouse,
          amcnicky_mini_pool_small, minmay_misc_feat_four_crosses
D:4:      layout_cave_pods, minmay_temple_entry_hall, grunt_ministairs_2
D:5:      layout_rooms, grunt_ministairs_8
D:6:      layout_rooms, gammafunk_temple_overflow_wave, kennysheep_nub,
          kennysheep_generic_room_14
D:7:      layout_basic, ebering_ghost_rock_garden, uniq_joseph
D:8:      layout_cave_pools, serial_bayou_pond_e, uniq_maggie
D:9:      layout_cave_pools, grunt_temple_overflow_growth_and_decay,
          special_room [special_room_orc]
D:10:     layout_roguey [special_room_orc], mainiacjoe_overflow_surrounded_room,
          zombieorc2_lemuel, ebering_ghost_gozag, uniq_grum
D:11:     layout_basic, erik_lair_dragon, enter_bailey_3, lemuel_another_geyser,
          uniq_josephine
D:12:     layout_cave_pools, nicolae_vehumet_altar_sigil
D:13:     layout_cave_pools, erik_vaults_2, uniq_urug
D:14:     layout_long_grid, kennysheep_boxes, nrook_mini_vaults, uniq_roxanne
Temple:   regret_index_temple_sphere_string
Lair:1:   gammafunk_worm_tunnel, layout_chaotic_city, beast_lair_carwin_10,
          serial_bayou_shore_a, uniq_nergalle
Lair:2:   layout_loops_ring, nicolae_swamp_entry_splash_gauntlet
Lair:3:   layout_chaotic_city, lemuel_fruit_tree, grunt_megastairs_5,
          lemuel_fruit_fields, uniq_snorg
Lair:4:   layout_loops_ring, dummy_snake_entry
Lair:5:   layout_cave_pods, gammafunk_ghost_arena, serial_bayou_shore_b,
          minmay_lair_oklob_chamber
Lair:6:   hangedman_lair_tendril_chambers, layout_misc_corridors, slime_altar_1,
          serial_forest, infiniplex_forest_clump_tiny,
          infiniplex_forest_diagonal, infiniplex_forest_lined_corner,
          infiniplex_forest_clump_curved, infiniplex_forest_lined_room_3,
          infiniplex_forest_lined_1, infiniplex_forest_lined_corner,
          kennysheep_rathole
Orc:1:    layout_caves, serial_shops, shop_statue
Orc:2:    st_orc_rangers, layout_caves, nooodl_orcs_dogs, uniq_nessos,
          uniq_erolcha, uniq_maurice

Skill      XL: |  1  2  3  4  5  6  7  8  9 10 11 12 13 |
---------------+----------------------------------------+-----
Conjurations   | 2 3 4 5 6 |  6.0
Spellcasting   | 5 6 7 9 11 12 14 15 | 15.0
Summonings     | 2 3 4 6 |  6.0
Stealth        | 3 4 5 6 9 11 12 | 12.0
Air Magic      | 3 |  3.0
Poison Magic   | 3 |  3.0
Ice Magic      | 3 7 9 |  9.0
Invocations    | 6 8 9 12 | 12.6
Translocations | 3 |  3.0
Short Blades   | 2 6 9 |  9.0
Evocations     | 6 |  6.2
Fighting       | |  0.2
Dodging        | |  2.4

Action                   |  1- 3 |  4- 6 |  7- 9 | 10-12 | 13-15 || total
-------------------------+-------+-------+-------+-------+-------++-------
Melee: Dagger            |     2 |    51 |   183 |   133 |       ||   369
       Unarmed           |       |       |       |    27 |       ||    27
       Knife             |       |       |       |   239 |   197 ||   436
Throw: Dart              |       |     2 |    38 |    17 |    13 ||    70
       Stone             |       |       |       |       |     3 ||     3
 Cast: Magic Dart        |   110 |   146 |    60 |       |     9 ||   325
       Call Imp          |       |    15 |    81 |    42 |     9 ||   147
       Mephitic Cloud    |       |       |    20 |     9 |    23 ||    52
       Blink             |       |       |     6 |    30 |    27 ||    63
       Summon Ice Beast  |       |       |    43 |   228 |    88 ||   359
       Ozocubu's Armour  |       |       |    12 |    54 |    32 ||    98
       Ice Form          |       |       |       |     2 |       ||     2
       Frozen Ramparts   |       |       |       |       |    23 ||    23
Invok: Channel Magic     |       |       |       |     2 |     3 ||     5
 Abil: End Transformatio |       |       |       |     1 |       ||     1
Evoke: Wand              |       |       |     5 |    20 |     4 ||    29
       Box of beasts     |       |       |       |       |     1 ||     1
  Use: Potion            |       |     4 |     2 |     7 |     7 ||    20
       Scroll            |       |       |    16 |     4 |     6 ||    26
 Stab: Sleeping          |       |     3 |     6 |    57 |    35 ||   101
       Confused          |       |       |     5 |       |       ||     5
       Distracted        |       |       |     1 |     2 |       ||     3
Armor: Robe              |     5 |    14 |    58 |    63 |    30 ||   170
       Skin              |       |    17 |     2 |    25 |       ||    44
Dodge: Dodged            |     7 |    36 |   124 |   254 |   125 ||   546
